Map: Eastwatch LE

Players

Pain - Winner!

  • Race: Terran Terran
  • Spawn Location: 1:00

A.I. 1 (Easy)

  • Race: Terran Terran
  • Spawn Location: 7:00

VOD

Have the link to the VOD?

Description

Time

  • Played on: March 7, 2018, 4:39 p.m.
  • Length: 10:24
Show
View Real Time Build Order
Export as new Build Order

Pain Terran - Winner!

Build Orders:  

Get SALT Encoding   

  12  0:26  SCV  
  13  0:29  Supply Depot  
  13  0:38  SCV  
  14  1:00  Engineering Bay  
  14  1:09  Barracks  
  14  1:17  SCV  
  15  1:29  SCV  
  16  1:41  SCV  
  16  1:42  Barracks  
  17  1:52  Refinery  
  17  1:53  SCV  
  18  2:05  SCV  
  19  2:08  Supply Depot  
  18  2:56  Barracks  
  18  3:06  Marine  
  19  3:16  Marine  
  20  3:24  Marine  
  21  3:33  Marine  
  22  3:42  Marine  
  23  3:51  Marine  
  23  3:52  Marine  
  25  3:58  Terran Infantry Weapons Level 1  
  25  3:59  Marine  
  26  4:09  Marine, SCV  
  28  4:10  Marine, Supply Depot  
  29  4:17  Marine  
  29  4:21  SCV  
  31  4:31  Marine x2  
  31  4:33  SCV  
  31  4:35  Marine  
  35  4:42  Supply Depot  
  35  4:45  Supply Depot, SCV  
  36  4:49  Marine x2  
  38  4:53  Marine  
  39  5:04  SCV  
  39  5:06  Supply Depot  
  39  5:07  Marine x2  
  40  5:09  Supply Depot  
  40  5:11  Marine  
  43  5:16  SCV  
  44  5:24  Marine x2  
  44  5:27  Command Center  
  44  5:28  Supply Depot  
  46  5:29  Marine  
  46  5:34  Missile Turret  
  47  5:42  Marine x2, Factory  
  49  5:46  Marine  
  50  5:52  Factory  
  50  6:00  Marine x2  
  52  6:04  Marine  
  51  6:37  Marine x2  
  51  6:38  Marine  
  54  6:42  SCV  
  55  6:55  Marine x3, SCV  
  59  7:08  Refinery  
  59  7:13  Marine x3  
  59  7:14  SCV  
  63  7:21  Terran Infantry Armor Level 1  
  63  7:26  SCV  
  64  7:31  Marine x3  
  67  7:38  SCV  
  67  7:42  SCV  
  69  7:48  Marine  
  69  7:50  SCV  
  64  7:54  SCV  
  65  8:02  SCV  
  66  8:06  SCV  
  67  8:18  SCV  
  68  8:30  SCV  
  53  9:09  Marine x2  
  54  9:10  Marine  
  53  9:27  Marine x3  
  53  9:31  SCV  
  54  9:39  Supply Depot  
  54  9:43  SCV  
  54  9:45  Marine x3  
  58  9:55  SCV  
  59  10:03  Marine x3  
  60  10:07  SCV  
Show
View Real Time Build Order
Export as new Build Order

A.I. 1 (Easy) Terran 

Build Orders:  

Get SALT Encoding   

  12  0:00  SCV  
  13  0:13  SCV  
  14  0:18  Supply Depot  
  14  0:25  SCV  
  15  0:40  SCV  
  16  0:44  Barracks  
  16  0:46  Refinery  
  16  1:09  Supply Depot  
  16  1:19  Refinery  
  16  1:32  Barracks Tech Lab, Orbital Command  
  16  1:50  Marine  
  17  1:57  SCV  
  18  2:08  Marine  
  18  2:09  SCV  
  18  2:11  Supply Depot  
  20  2:21  SCV  
  21  2:26  Marine  
  22  2:33  SCV  
  23  2:44  Marauder  
  23  2:45  SCV  
  26  2:58  SCV  
  27  3:06  Marauder  
  29  5:23  Marine, SCV  
  29  5:25  Supply Depot  
  31  5:32  Factory  
  31  5:35  SCV  
  32  5:41  Marine  
  33  5:47  SCV  
  33  5:48  Supply Depot  
  34  5:59  Marine  
  34  6:01  Command Center  
  35  6:17  Marauder  
  30  6:19  Starport  
  30  6:39  Marauder  
  32  6:56  Starport Tech Lab  
  32  7:00  Marauder  
  34  7:14  SCV  
  35  7:16  Raven  
  35  7:17  Refinery  
  35  7:19  SCV  
  35  7:21  Marine, Refinery  
  39  7:26  SCV  
  40  7:31  SCV  
  41  7:38  SCV  
  41  7:39  Marine  
  41  7:43  SCV  
  44  7:49  Hellion  
  44  7:50  SCV  
  46  7:55  SCV  
  38  7:59  Raven  
  38  8:02  SCV  
  38  8:03  Marauder  
  31  8:14  SCV  
  31  8:17  Hellion  
  32  8:26  SCV  
  31  8:38  SCV  
  31  8:39  Hellion  
  28  8:42  Raven  
  26  8:51  Marauder, SCV  
  22  9:03  SCV  
  22  9:05  Hellion, Command Center  
  23  9:14  Refinery  
  23  9:15  SCV  
  21  9:25  Raven  
  21  9:27  SCV  
  26  9:38  Marine, Factory  
  25  9:39  SCV  
  20  9:51  SCV  
  14  9:55  Marine  
Tags
 
Matchup
TvT
Race
Terran
Replay Pack
RP
Spawn Locations
Cross Positions
Add a new tag
Caveats
  • Supply blocks, unpowered buildings, or Contaminate may cause inaccurate times.
  • Supply counts are checked every 10 seconds.